 Dungeon Sprint DCSS version 0.24.0-41-g2ae2f7f1be (webtiles) character file.

Game seed: 12137498976346532028, levelgen mode: deterministic

330 McKennaii the Skirmisher (level 6, 0/53 HPs)
             Began as a Demonspawn Fighter on Dec 10, 2019.
             Slain by a hippogriff (5 damage)
             ... in the Dungeon (Sprint II: "The Violet Keep of Menkaure").
             The game lasted 00:01:16 (397 turns).

McKennaii the Skirmisher (Demonspawn Fighter)        Turns: 397, Time: 00:01:19

Health: 0/53       AC:  7    Str: 18    XL:     6   Next: 26%
Magic:  6/6        EV:  9    Int:  9    God:
Gold:   243        SH: 10    Dex: 13    Spells: 5/5 levels left

rFire    + . .     SeeInvis .   a - +0 long sword
rCold    . . .     Gourm    .   c - +0 shield
rNeg     . . .     Faith    .   b - +0 scale mail
rPois    .         Spirit   .   (no helmet)
rElec    .         Reflect  .   (no cloak)
rCorr    .         Harm     .   (no gloves)
MR       .....     NoTele   +   (no boots)
Stlth    ..........             (no amulet)
HPRegen  0.17/turn              (no ring)
MPRegen  0.10/turn              (no ring)

@: no status effects
A: hooves 2, fire resistance 1, powered by death 1
a: no special abilities


You were in the Dungeon.
You were not hungry.

You visited 1 branch You collected 243 gold pieces.

Inventory:

Hand Weapons
 a - a +0 long sword (weapon)
Armour
 b - a +0 scale mail (worn)
 c - a +0 shield (worn)
Scrolls
 k - a scroll of blinking
Potions
 d - a potion of might
 e - a potion of curing
 h - a potion of haste
 i - 2 potions of magic
 j - a potion of berserk rage
Comestibles
 f - a ration


   Skills:
 + Level 6.6 Fighting
 * Level 6.4 Long Blades
 + Level 6.6 Armour
 + Level 2.4 Dodging
 + Level 6.6 Shields


You had 5 spell levels left.
You didn't know any spells.
Your spell library was empty.

Dungeon Overview and Level Annotations

Branches:
Dungeon (1/1)

Altars:

Shops:
D :!!(%==?[=[(}[!


Innate Abilities, Weirdness & Mutations

You have hoof-like feet.
Your flesh is heat resistant. (rF+)
You regenerate a little health from kills.


Message History

Your shield and scale mail prevent you from hitting the hippogriff.
Your kick misses the hippogriff.
The hippogriff is lightly wounded.
The hippogriff bites you.
* * * LOW HITPOINT WARNING * * *
The hippogriff pecks you but does no damage.
You block the hippogriff's attack.
You hit the hippogriff but do no damage.
The hippogriff is lightly wounded.
The hippogriff closely misses you. You block the hippogriff's attack.
The hippogriff claws you.
* * * LOW HITPOINT WARNING * * *
You hit the hippogriff.
You kick the hippogriff, but do no damage.
The hippogriff is lightly wounded.
The hippogriff bites you but does no damage.
You block the hippogriff's attack. x2; The hippogriff bites you.
* * * LOW HITPOINT WARNING * * *
The hippogriff pecks you.
You die...

####+####
##..○○°○°##
##....°○°○.##
+...○.8°○°°°#
###...°○°☼°° #≈##
○°.☼○
########≈≈#+++#+++##
#######≈≈≈..@H.....#
...∩.∩#≈≈≈≈.##+##..#
..∩.∩.#≈≈≈≈##.
.##.####
.∩.∩..#≈≈≈≈#.w
w.#.H..#
∩.∩...#≈≈### .#$
###..##
.∩....#≈##.###+#
##..#
∩.∩...#≈##..##.##
#..#
.∩.∩..+≈÷.##†.<.+
'..#
..∩.∩.#≈##..##.##
H#...


You could see a hippogriff.

Vanquished Creatures
  A hippogriff (D)
  A crocodile (D)
  4 worker ants (D)
6 creatures vanquished.

Vanquished Creatures (others)
  A crocodile (D)
1 creature vanquished.

Grand Total: 7 creatures vanquished

Notes
Turn   | Place    | Note
-------+----------+-------------------------------------------
     0 | D        | McKennaii the Demonspawn Fighter began the quest for the
                  | Orb.
     0 | D        | Reached XP level 1. HP: 18/18 MP: 1/1
     1 | D        | Noticed a tyrant leech
     1 | D        | Noticed a tyrant leech
     5 | D        | Noticed a worker ant
     5 | D        | Noticed a worker ant
     5 | D        | Noticed a worker ant
     5 | D        | Noticed a worker ant
    11 | D        | Killed a worker ant
    11 | D        | Gained mutation: You have large cloven feet. [demonic
                  | ancestry]
    11 | D        | Reached XP level 2. HP: 12/25 MP: 2/2
    11 | D        | Killed a crocodile
    15 | D        | Reached XP level 3. HP: 8/31 MP: 3/3
    16 | D        | HP: 1/31 [worker ant (4)]
    27 | D        | Reached skill level 5 in Fighting
    27 | D        | Gained mutation: You regenerate a little health from kills.
                  | [demonic ancestry]
    27 | D        | Reached XP level 4. HP: 28/39 MP: 4/4
   109 | D        | Found Monoott's Antique Armour Emporium.
   109 | D        | Found Poiss's Antique Armour Shoppe.
   109 | D        | Found Unaergh's Magic Scroll Emporium.
   109 | D        | Found Ogaysk's Jewellery Shoppe.
   109 | D        | Found Gesead's Antique Armour Shoppe.
   109 | D        | Found Afodd's Jewellery Emporium.
   110 | D        | Found Saneryut's Antique Weapon Shoppe.
   110 | D        | Found Gaixt's Distillery.
   110 | D        | Found Ulyge's Gadget Shoppe.
   110 | D        | Found Yheacs's Distillery.
   110 | D        | Found Jeseutt's Jewellery Emporium.
   111 | D        | Found Xyopsol's Distillery.
   111 | D        | Found Hayfinla's Antique Weapon Shoppe.
   111 | D        | Found Meockoiz's Food Emporium.
   111 | D        | Found Xaitt's Book Emporium.
   111 | D        | Noticed a crocodile
   111 | D        | Noticed a hippogriff
   111 | D        | Noticed a hippogriff
   125 | D        | Killed a crocodile
   125 | D        | Reached skill level 5 in Long Blades
   125 | D        | Reached skill level 5 in Armour
   125 | D        | Reached skill level 1 in Dodging
   125 | D        | Reached skill level 5 in Shields
   125 | D        | Gained mutation: Your flesh is heat resistant. (rF+)
                  | [demonic ancestry]
   125 | D        | Reached XP level 5. HP: 11/46 MP: 5/5
   357 | D        | Noticed a shining eye
   365 | D        | Noticed an ice statue
   373 | D        | Noticed a hippogriff
   375 | D        | Noticed a hippogriff
   392 | D        | Killed a hippogriff
   392 | D        | Gained mutation: You have hoof-like feet. [demonic
                  | ancestry]
   392 | D        | Reached XP level 6. HP: 33/53 MP: 6/6
   397 | D        | Slain by a hippogriff

Levels and vault maps discovered:
D:        the_violet_keep_of_menkaure [sprint2_stairs_cluster_1,
          sprint2_shoproom, sprint2_temple, sprint2_basic_supplies,
          sprint2_obstacle_7, sprint2_obstacle_5, sprint2_obstacle_2,
          sprint2_obstacle_3, sprint2_obstacle_4, sprint2_timed_cluster_1,
          sprint2_smallroom_cluster_1, sprint2_smallroom_final_cluster_1,
          sprint2_transparent_cluster_1, sprint2_second_timed_cluster_1,
          sprint2_sniper_area_1, sprint2_heavy_combat_area_1,
          sprint2_mutation_trap_area_1, sprint2_forest_area_1,
          sprint2_light_combat_area_1, sprint2_behind_water_1,
          sprint2_near_end_vault_1]

Skill      XL: |  1  2  3  4  5 |
---------------+----------------+-----
Fighting       | 4 5 6 |  6.6
Long Blades    | 2 3 5 6 |  6.4
Armour         | 3 4 5 6 |  6.6
Shields        | 3 4 5 6 |  6.6
Dodging        | 1 2 |  2.4

Action                   |  1- 3 |  4- 6 || total
-------------------------+-------+-------++-------
Melee: Long sword        |    21 |    28 ||    49
       Kick              |     7 |    11 ||    18
  Use: Potion            |     1 |       ||     1
Armor: Scale mail        |     9 |    16 ||    25
Dodge: Dodged            |     5 |     9 ||    14
Block: Shield            |    11 |    25 ||    36
       Rpst.: Long sword |     2 |       ||     2
